Map: 2000 Atmospheres LE

Players

Ryu - Winner!

  • Race: Zerg Zerg

TerraN

  • Race: Terran Terran

Event: DreamHack SC2 Masters 2021 Winter

VOD

Have the link to the VOD?

Description

Time

  • Played on: Sept. 29, 2021, 4:43 p.m.
  • Length: 19:55

All games in this series

Show
View Real Time Build Order
Export as new Build Order

Ryu Zerg - Winner!

Build Orders: Hatch First, Lurkers 

Get SALT Encoding   

  12  0:00  Drone  
  13  0:12  Overlord  
  13  0:16  Drone  
  14  0:30  Drone  
  14  0:31  Drone  
  16  0:50  Hatchery  
  16  0:53  Drone  
  16  0:56  Drone  
  17  0:59  Drone  
  18  1:06  Extractor  
  17  1:18  Spawning Pool  
  16  1:19  Drone  
  16  1:25  Drone  
  18  1:30  Drone  
  19  1:41  Drone  
  20  1:55  Overlord  
  20  2:05  Queen x2  
  20  2:06  Zergling x4  
  26  2:09  Metabolic Boost  
  26  2:13  Drone  
  27  2:17  Drone  
  28  2:24  Drone x2  
  29  2:42  Hatchery  
  28  2:47  Queen  
  28  2:50  Zergling x2  
  31  2:51  Drone  
  31  2:55  Overlord  
  31  2:57  Drone  
  33  3:01  Drone  
  33  3:03  Drone  
  35  3:19  Drone x5  
  40  3:20  Overlord  
  40  3:23  Drone  
  41  3:28  Roach Warren  
  41  3:33  Drone x2  
  42  3:38  Queen  
  42  3:40  Zergling x2  
  45  3:45  Drone  
  46  3:49  Queen  
  46  3:50  Overlord  
  46  3:54  Queen  
  50  3:56  Drone  
  53  4:02  Drone x2  
  53  4:03  Drone x2  
  54  4:10  Drone x2  
  54  4:13  Overlord  
  56  4:17  Extractor  
  56  4:20  Drone  
  56  4:21  Drone x2  
  58  4:25  Zergling x4  
  58  4:26  Evolution Chamber  
  58  4:27  Evolution Chamber  
  58  4:30  Drone x2  
  60  4:33  Zergling x2  
  60  4:34  Queen, Spore Crawler  
  60  4:36  Spore Crawler  
  61  4:38  Spore Crawler  
  61  4:41  Overlord  
  60  4:46  Drone x3  
  60  4:52  Drone, Overlord  
  64  4:55  Zergling x4  
  64  4:57  Zerg Missile Weapons Level 1  
  66  5:01  Zerg Ground Armor Level 1  
  66  5:04  Zergling x2  
  66  5:06  Drone x2  
  69  5:11  Lair  
  69  5:14  Drone x3  
  69  5:15  Drone  
  69  5:18  Drone x2  
  69  5:19  Drone  
  76  5:23  Drone x3  
  76  5:28  Drone x2  
  81  5:30  Extractor  
  81  5:31  Drone x3, Extractor x2  
  81  5:42  Hatchery  
  80  5:43  Drone  
  80  5:44  Extractor  
  80  5:45  Drone x3  
  80  5:47  Drone x2  
  85  5:50  Overlord  
  85  5:56  Drone x3  
  87  6:01  Overlord x2  
  87  6:03  Overlord x2  
  87  6:09  Glial Reconstitution  
  87  6:10  Roach x3  
  87  6:11  Roach  
  95  6:18  Roach  
  97  6:19  Overseer, Overlord x2  
  97  6:20  Overlord  
  97  6:30  Overseer  
  96  6:33  Roach  
  96  6:34  Roach x7  
  96  6:39  Roach x3  
  118  6:46  Roach x5  
  128  6:50  Roach  
  128  6:53  Roach  
  132  6:56  Ravager x4  
  132  6:57  Ravager  
  132  6:59  Roach x2  
  140  7:04  Ravager  
  140  7:06  Roach  
  143  7:11  Drone x2  
  143  7:13  Spore Crawler x2  
  133  7:18  Roach  
  133  7:19  Roach x8  
  142  7:26  Roach x2  
  146  7:34  Roach x7  
  160  7:40  Overlord x3  
  160  7:43  Infestation Pit  
  157  7:47  Overlord  
  157  7:49  Overlord  
  157  7:54  Overlord  
  157  7:55  Overlord x2  
  157  8:01  Drone x4  
  157  8:02  Drone x4  
  165  8:11  Zerg Ground Armor Level 2  
  165  8:16  Zerg Missile Weapons Level 2  
  165  8:19  Drone x5  
  168  8:22  Spore Crawler, Extractor  
  168  8:23  Extractor  
  168  8:26  Hive  
  163  8:30  Hydralisk Den  
  162  8:37  Ravager x3  
  162  8:40  Drone  
  162  8:41  Drone x2  
  168  8:49  Drone x3  
  168  8:50  Hatchery  
  168  8:51  Spore Crawler  
  165  9:02  Grooved Spines  
  165  9:04  Hydralisk  
  165  9:05  Hydralisk x4  
  165  9:07  Overseer, Lurker Den  
  174  9:17  Drone x2  
  174  9:18  Drone x4  
  180  9:26  Extractor  
  180  9:28  Extractor  
  178  9:38  Hydralisk x2  
  182  9:39  Viper x3  
  191  9:53  Drone x2  
  191  9:59  Hydralisk  
  186  10:00  Hydralisk x2  
  190  10:09  Adaptive Talons  
  190  10:10  Lurker x2  
  190  10:13  Drone x2, Muscular Augments, Spine Crawler  
  193  10:15  Spine Crawler  
  193  10:20  Spore Crawler  
  191  10:22  Spore Crawler  
  191  10:23  Lurker x3  
  192  10:32  Hatchery  
  192  10:34  Overseer  
  192  10:35  Lurker x3  
  190  10:50  Hydralisk  
  190  10:51  Hydralisk x4  
  200  10:57  Nydus Network  
  200  10:58  Nydus Network  
  200  11:00  Pneumatized Carapace  
  200  11:03  Overseer  
  198  11:06  Seismic Spines  
  198  11:17  Zerg Missile Weapons Level 3  
  180  11:19  Zergling x26  
  181  11:26  Drone x2  
  181  11:27  Drone x3  
  186  11:33  Hydralisk x7  
  200  11:41  Baneling Nest  
  200  11:44  Lurker x3  
  200  11:49  Zerg Ground Armor Level 3  
  200  11:55  Overseer  
  199  12:07  Overseer  
  194  12:10  Nydus Canal  
  194  12:21  Nydus Canal  
  192  12:32  Hydralisk x3  
  194  12:47  Lurker x3  
  194  12:57  Overseer  
  182  13:06  Overseer  
  179  13:13  Nydus Canal  
  179  13:14  Hydralisk x9  
  194  13:25  Nydus Canal  
  194  13:29  Nydus Canal  
  194  13:35  Zergling x10  
  182  13:52  Centrifugal Hooks  
  182  13:54  Zerg Melee Weapons Level 1  
  182  13:56  Spore Crawler  
  182  13:57  Spore Crawler  
  180  14:03  Lurker x5  
  180  14:04  Lurker x3  
  180  14:06  Hydralisk x5  
  198  14:15  Extractor x2  
  196  14:17  Spine Crawler  
  196  14:18  Nydus Canal  
  196  14:23  Viper x2  
  195  14:41  Baneling  
  195  14:42  Overseer x2, Baneling x2  
  195  14:49  Nydus Canal  
  195  14:50  Nydus Canal  
  195  15:11  Zergling x8  
  195  15:12  Zergling x8  
  198  15:22  Nydus Canal x2  
  198  15:26  Lurker x5  
  198  15:27  Lurker  
  195  15:28  Hydralisk  
  195  15:29  Hydralisk  
  199  15:41  Hatchery  
  179  15:53  Nydus Canal  
  179  15:54  Hydralisk  
  179  15:55  Hydralisk x12  
  183  16:04  Baneling x6  
  183  16:05  Baneling x2  
  183  16:06  Zergling x8  
  183  16:07  Zergling x10  
  173  16:16  Hydralisk, Zergling x4  
  156  16:22  Hydralisk x3  
  138  16:26  Hydralisk  
  138  16:27  Queen x3  
  138  16:28  Queen  
  138  16:30  Hydralisk x2  
  138  16:32  Queen  
  153  16:44  Lurker  
  153  16:45  Lurker x6  
  160  16:53  Drone x2, Hatchery  
  160  16:54  Drone x4  
  162  16:59  Drone x2  
  162  17:00  Drone x6  
  171  17:02  Hydralisk x2  
  171  17:03  Queen x3  
  181  17:12  Nydus Canal  
  172  17:20  Nydus Canal  
  172  17:24  Hydralisk x7  
  185  17:33  Zergling x18  
  185  17:35  Overseer x2  
  194  17:42  Spore Crawler  
  190  17:47  Drone x3  
  186  17:58  Zergling x2  
  186  17:59  Zergling x16  
  186  18:00  Overlord x2  
  186  18:03  Baneling  
  186  18:04  Baneling x6  
  195  18:08  Zergling x8  
  199  18:17  Evolution Chamber  
  199  18:18  Evolution Chamber  
  199  18:19  Evolution Chamber  
  196  18:30  Baneling x4  
  196  18:31  Baneling x15  
  195  18:50  Zergling x2  
  195  18:51  Zergling x6  
  186  19:05  Lurker x3  
  186  19:06  Lurker x4  
  186  19:08  Zergling x6  
  186  19:09  Zergling x14  
  196  19:24  Drone x3, Extractor  
  196  19:25  Drone x3, Extractor  
  196  19:27  Nydus Canal  
  193  19:46  Hatchery  
  193  19:47  Extractor  
  193  19:48  Extractor  
Show
View Real Time Build Order
Export as new Build Order

TerraN Terran 

Build Orders: Reaper Expand, Hellion Banshee 

Get SALT Encoding   

  12  0:00  SCV  
  13  0:12  SCV  
  14  0:17  Supply Depot  
  14  0:24  SCV  
  15  0:38  SCV  
  15  0:39  Barracks  
  16  0:46  Refinery  
  16  0:50  SCV  
  17  1:03  SCV  
  18  1:15  SCV  
  19  1:27  Orbital Command  
  19  1:29  Reaper  
  20  1:39  Command Center  
  20  1:47  Supply Depot  
  20  1:52  SCV  
  21  2:01  Marine  
  21  2:04  SCV  
  21  2:07  Factory  
  23  2:16  SCV  
  24  2:24  Barracks Reactor  
  24  2:28  SCV  
  25  2:41  SCV  
  26  2:46  Command Center  
  26  2:55  SCV  
  26  2:57  Orbital Command  
  27  2:59  Refinery  
  27  3:03  Starport  
  27  3:10  Hellion x2  
  31  3:14  SCV  
  31  3:18  Barracks Tech Lab  
  32  3:24  SCV  
  32  3:27  SCV  
  34  3:32  Hellion x2  
  38  3:36  SCV  
  38  3:39  SCV  
  40  3:46  Banshee  
  40  3:48  SCV  
  44  3:51  SCV  
  45  3:59  Hellion x2  
  45  4:00  SCV  
  49  4:04  Orbital Command  
  49  4:08  SCV  
  50  4:17  SCV  
  50  4:20  SCV  
  50  4:22  Supply Depot, Barracks Tech Lab  
  52  4:26  Barracks  
  52  4:30  SCV x2  
  54  4:32  Factory Reactor  
  54  4:34  Barracks  
  54  4:35  SCV  
  55  4:42  SCV  
  55  4:45  Supply Depot, Starport Reactor  
  56  4:49  SCV x2  
  56  4:52  Stimpack, Engineering Bay x2  
  58  4:53  Marine  
  58  4:54  SCV  
  60  5:01  SCV, Orbital Command  
  60  5:06  SCV  
  62  5:07  Barracks  
  62  5:11  Barracks  
  62  5:13  SCV  
  63  5:14  Refinery x2  
  63  5:15  Supply Depot  
  63  5:21  Marine x2  
  61  5:23  Marine  
  61  5:25  Siege Tank  
  61  5:26  SCV x2  
  61  5:27  SCV  
  70  5:34  Terran Infantry Weapons Level 1, Terran Infantry Armor Level 1  
  70  5:35  Marine x2  
  72  5:37  Supply Depot  
  72  5:39  SCV x2, Marine x2  
  72  5:40  SCV  
  77  5:46  Marine  
  77  5:47  Supply Depot  
  78  5:51  SCV  
  78  5:53  SCV, Marine x2  
  82  5:57  SCV  
  82  5:58  Marine x2  
  82  6:03  SCV  
  86  6:04  Barracks Reactor x2  
  86  6:05  Medivac x2  
  86  6:07  SCV  
  91  6:12  Marine x2  
  91  6:13  SCV  
  91  6:16  Marine x2  
  96  6:20  SCV x2  
  96  6:21  Supply Depot, Marine  
  96  6:24  Factory Reactor  
  99  6:30  Marine x2  
  101  6:39  Supply Depot  
  101  6:42  Command Center, Marine x7  
  108  6:48  Marine  
  108  6:53  Factory  
  109  6:56  Supply Depot, Bunker  
  109  7:00  Reaper, Marine x6  
  116  7:08  Marine  
  117  7:12  Widow Mine  
  117  7:15  Widow Mine, Marine  
  117  7:18  Marine x2  
  117  7:22  Marine x3  
  107  7:23  Medivac x2  
  107  7:27  Marauder, Barracks x2  
  107  7:29  Combat Shield, Barracks  
  114  7:38  Marine  
  113  7:44  Marine x3  
  113  7:48  Marauder, Siege Tank  
  113  7:49  Marine x2  
  113  7:50  Marine  
  122  7:53  Medivac x2  
  122  7:54  Factory Tech Lab  
  122  7:55  Orbital Command  
  114  7:59  Marine x2  
  114  8:02  Marine  
  113  8:05  Marine x2  
  113  8:07  Marine  
  114  8:33  Marine x2  
  116  8:36  Armory  
  116  8:50  Marine  
  116  8:54  Barracks Tech Lab  
  116  8:55  Barracks Tech Lab  
  116  8:57  Supply Depot  
  116  9:04  Planetary Fortress  
  116  9:11  SCV, Marine x6  
  116  9:12  Marauder  
  124  9:18  Medivac x2, Siege Tank, SCV  
  132  9:25  Supply Depot  
  132  9:26  Barracks Tech Lab  
  132  9:27  SCV x2  
  132  9:30  Marauder x2, SCV, Siege Tank  
  140  9:37  Terran Infantry Weapons Level 2, Terran Infantry Armor Level 2, Sensor Tower  
  140  9:46  SCV x2  
  140  9:47  Marauder x2, Marine  
  140  9:48  Supply Depot  
  140  9:51  Medivac  
  143  10:09  Marine  
  143  10:10  Marauder x4, Marine x4  
  156  10:16  Refinery  
  156  10:17  Refinery  
  156  10:18  Supply Depot, Terran Vehicle Weapons Level 1  
  156  10:20  Supply Depot  
  156  10:22  Supply Depot, SCV x2, Marine x3  
  156  10:27  SCV, Marine  
  156  10:28  Marine  
  164  10:40  SCV  
  164  10:42  Marine x2  
  167  10:43  Marauder  
  167  10:48  Marine  
  166  10:56  Medivac  
  166  10:57  Medivac  
  167  10:59  Marauder, Marine x2  
  167  11:00  Ghost Academy  
  169  11:07  Marauder, Missile Turret, Marine  
  169  11:08  Siege Tank x2  
  169  11:09  Missile Turret  
  178  11:15  Marine x2  
  178  11:16  Marine  
  178  11:18  Marine  
  173  11:21  Marine x2  
  169  11:27  Marine  
  169  11:28  Marine  
  170  11:34  Marine x2  
  169  11:40  Siege Tank  
  169  11:43  Ghost x4  
  169  11:45  Command Center  
  180  12:01  Marine x5  
  180  12:06  Marine x2  
  182  12:12  Ghost x3  
  182  12:14  Ghost  
  188  12:19  Marine  
  188  12:23  Marine  
  188  12:24  Supply Depot, Marine x3  
  188  12:25  Supply Depot  
  188  12:26  Supply Depot  
  188  12:40  Ghost x2  
  188  12:45  Siege Tank x2  
  188  12:49  Marine  
  188  12:50  Marauder  
  191  12:53  Marine  
  191  12:54  Marauder  
  191  12:55  Marine  
  161  12:59  Marine x2  
  161  13:02  Marine x2  
  161  13:04  Marine  
  161  13:05  Missile Turret  
  166  13:06  Missile Turret  
  166  13:07  Marine  
  166  13:09  Marauder  
  166  13:10  Marauder, Ghost  
  166  13:11  Marine  
  167  13:12  Marine  
  167  13:14  Ghost, Orbital Command  
  167  13:15  Refinery x2  
  167  13:17  Siege Tank, Marine x2  
  167  13:19  Command Center  
  175  13:20  Command Center  
  172  13:30  Marine  
  172  13:31  Marauder, Marine x2  
  173  13:43  Marauder, Marine x3  
  173  13:45  Refinery  
  178  13:51  Terran Infantry Weapons Level 3, Sensor Tower  
  178  13:54  Viking  
  178  13:55  Viking  
  180  13:58  SCV x3  
  180  13:59  Marine x3  
  180  14:01  SCV  
  180  14:02  Marine  
  188  14:04  Marine  
  189  14:10  SCV  
  189  14:11  SCV x2  
  191  14:23  Orbital Command  
  191  14:24  Medivac  
  191  14:27  Ghost x3  
  199  14:32  Orbital Command  
  199  14:42  Personal Cloaking  
  196  14:56  Marine, Ghost  
  197  15:03  Ghost  
  194  15:27  Ghost  
  191  15:29  Ghost x2  
  191  15:30  Marine x3  
  191  15:33  Marauder  
  198  15:45  Marine x2  
  198  15:49  Marine  
  184  15:50  Marine  
  184  15:54  Marauder  
  184  15:56  Marauder, Marine  
  177  15:58  Marauder  
  177  16:03  Marauder  
  176  16:06  Marine  
  163  16:15  Marauder  
  163  16:18  Marauder  
  130  16:19  Marine  
  115  16:28  Marauder, Marine  
  112  16:35  Planetary Fortress  
  112  16:36  Marine  
  112  16:37  Marine  
  112  16:38  Refinery  
  112  16:39  Marauder, Command Center  
  112  16:43  Terran Infantry Armor Level 3  
  112  16:45  Marine  
  113  16:47  Factory Tech Lab  
  113  16:50  Marauder  
  113  16:54  SCV x4, Marine  
  118  16:55  Marine  
  118  16:59  Command Center, Factory Tech Lab  
  118  17:00  Marine  
  122  17:08  Marine  
  123  17:10  Ghost  
  123  17:11  Ghost  
  123  17:12  Starport, Ghost  
  123  17:17  Ghost  
  125  17:25  Marine  
  125  17:27  Orbital Command  
  125  17:29  Siege Tank x2  
  123  17:39  Ghost  
  123  17:40  Ghost  
  123  17:41  Marine  
  123  17:43  Marine  
  129  17:46  Marine  
  130  17:59  Marine  
  130  18:01  Siege Tank, Marine  
  130  18:02  Siege Tank  
  130  18:04  Marine  
  139  18:06  Refinery  
  139  18:08  Refinery  
  139  18:19  Missile Turret  
  139  18:20  Missile Turret  
  139  18:31  Barracks Reactor  
  139  18:34  Siege Tank  
  142  18:36  Marine x3  
  142  18:37  Marauder  
  138  18:54  Marine  
  134  18:56  Marine  
  134  18:57  Marauder  
  137  19:07  Orbital Command  
  137  19:09  Marauder  
  139  19:13  Orbital Command  
  137  19:33  Marauder  
  137  19:34  Marine  

Tags
 
Add a new tag
Caveats
  • Supply blocks, unpowered buildings, or Contaminate may cause inaccurate times.
  • Supply counts are checked every 10 seconds.